details: '2v2_gayestbeststrat_8_epic'

« prev index next »

General information

Mini Map

Players

team 1
Humancalpants (purple | 129 APM | 2430 actions | 18:52)
Hero icon 4 Archmage
Ability icon 2 Summon Water Elemental
Ability icon 2 Brilliance Aura
Hero icon 4 Mountain King
Ability icon 2 Storm Bolt
Ability icon 2 Bash

» actions
Assign group hotkey41
Basic commands301
Build / train71
ESC pressed1
Enter build submenu47
Enter hero's abilities submenu8
Give item / drop item3
Remove unit from queue1
Right click1112
Select / deselect530
Select group hotkey155
Use ability160
2430 total
» units
Peasant16
Footman4
Sorceress1
Priest2
Flying Machine5
Dragonhawk Rider4
Siege Engine5
37 total
» upgrades
Animal War Training1
Magic Sentry1
Priest Training1
Flak Cannons1
Barrage1
5 total
» buildings
Lumber Mill2
Scout Tower8
Arcane Tower2
Guard Tower7
Farm12
Altar of Kings1
Barracks1
Keep3
Arcane Vault1
Arcane Sanctum2
Castle1
Blacksmith1
Workshop3
Gryphon Aviary2
46 total
» build order
00:34 Lumber Mill
01:06 Scout Tower
01:07 Scout Tower
01:09 Scout Tower
01:15 Scout Tower
01:18 Scout Tower
01:34 Arcane Tower
01:38 Scout Tower
01:39 Guard Tower
01:43 Guard Tower
01:53 Guard Tower
02:00 Farm
02:14 Altar of Kings
02:23 Lumber Mill
02:28 Guard Tower
02:29 Guard Tower
03:02 Scout Tower
03:22 Farm
03:36 Guard Tower
03:40 Scout Tower
04:00 Barracks
04:30 Arcane Tower
04:51 Farm
04:54 Farm
05:19 Keep
05:20 Keep
05:20 Keep
06:46 Farm
07:11 Arcane Vault
07:45 Arcane Sanctum
07:49 Arcane Sanctum
08:00 Farm
08:55 Castle
10:29 Farm
10:55 Blacksmith
11:54 Workshop
11:57 Workshop
12:00 Workshop
12:36 Farm
13:37 Gryphon Aviary
13:39 Farm
14:17 Gryphon Aviary
14:23 Farm
14:24 Farm
14:59 Farm
» items
Scroll of Regeneration1
Potion of Lesser Invulnerability1
Potion of Invisibility1
3 total
OrcComputer(Elite) (teal | 56 APM | 1062 actions | 18:52)
Hero icon 5 Blademaster
Ability icon 2 Wind Walk
Ability icon 3 Critical Strike

» actions
Assign group hotkey22
Basic commands7
Build / train54
ESC pressed9
Enter build submenu21
Enter hero's abilities submenu5
Give item / drop item3
Right click469
Select / deselect273
Select group hotkey141
Use ability58
1062 total
» units
Peon6
Grunt10
Raider3
Troll Batrider12
31 total
» upgrades
Pillage1
Ensnare1
Melee Weapons1
Shaman Training2
Liquid Fire1
Reinforced Defenses1
7 total
» buildings
Orc Burrow9
Altar of Storms1
Barracks1
Voodoo Lounge2
War Mill1
Stronghold1
Beastiary2
Fortress1
Spirit Lodge1
19 total
» build order
00:12 Orc Burrow
00:15 Altar of Storms
03:37 Barracks
03:41 Voodoo Lounge
03:56 Orc Burrow
05:26 War Mill
05:34 Orc Burrow
06:55 Stronghold
08:29 Orc Burrow
09:53 Beastiary
09:55 Beastiary
11:52 Fortress
12:01 Orc Burrow
12:06 Spirit Lodge
16:01 Orc Burrow
16:04 Orc Burrow
16:07 Orc Burrow
16:12 Orc Burrow
16:18 Voodoo Lounge
» items
Boots of Speed1
Healing Salve2
Lesser Clarity Potion1
Scroll of Speed1
Circlet of Nobility1
Orb of Lightning1
7 total
team 2
Random» HumanLordIllidan. (orange | 60 APM | 1120 actions | 18:38)
Hero icon 5 Archmage
Ability icon 2 Summon Water Elemental
Ability icon 3 Brilliance Aura

» actions
Basic commands3
Build / train56
Enter build submenu15
Enter hero's abilities submenu7
Right click448
Select / deselect528
Use ability63
1120 total
» units
Peasant15
Footman1
Gryphon Rider10
Knight3
29 total
» upgrades
Masonry3
Defend1
Lumber Harvesting1
Swords3
Armor2
Animal War Training1
Storm Hammers1
Long Rifles1
Gunpowder1
14 total
» buildings
Barracks2
Lumber Mill1
Scout Tower1
Farm6
Altar of Kings1
Arcane Tower1
Keep1
Blacksmith1
Gryphon Aviary3
Castle1
18 total
» build order
00:10 Barracks
00:15 Lumber Mill
00:19 Scout Tower
00:25 Farm
01:10 Altar of Kings
01:34 Arcane Tower
02:15 Farm
03:25 Keep
03:32 Farm
05:28 Blacksmith
07:01 Gryphon Aviary
07:37 Castle
08:26 Gryphon Aviary
08:32 Farm
10:14 Gryphon Aviary
11:40 Farm
12:24 Farm
16:07 Barracks
» items
Potion of Healing2
Scroll of Town Portal1
Boots of Speed1
4 total
OrcTojozRiceBowl (green | 54 APM | 1015 actions | 18:51)
Hero icon 2 Blademaster
Ability icon 1 Wind Walk
Ability icon 1 Critical Strike

» actions
Assign group hotkey13
Basic commands12
Build / train26
Enter build submenu19
Enter hero's abilities submenu2
Right click637
Select / deselect236
Use ability70
1015 total
» units
Peon8
Grunt5
13 total
» buildings
Altar of Storms2
Orc Burrow7
Barracks2
Stronghold3
Voodoo Lounge1
War Mill1
Fortress1
Watch Tower1
18 total
» build order
00:07 Altar of Storms
00:20 Orc Burrow
01:34 Barracks
02:28 Orc Burrow
02:44 Orc Burrow
04:35 Barracks
05:12 Orc Burrow
05:16 Stronghold
05:16 Stronghold
06:34 Voodoo Lounge
06:42 Orc Burrow
06:48 Orc Burrow
07:06 War Mill
08:24 Fortress
08:39 Watch Tower
11:41 Altar of Storms
12:51 Orc Burrow
» items
Healing Salve1
Potion of Healing1
Scroll of Town Portal1
Lesser Clarity Potion1
4 total